 Dungeon Crawl Stone Soup version 0.29.1-1-gd02db6906a (webtiles) character file.

Game seed: 10054767439286526203

287 Bartlander the Chopper (level 6, -8/50 HPs)
             Began as a Palentonga Abyssal Knight on Sept 16, 2022.
             Was an Elder of Lugonu.
             Mangled by a gnoll bouda
             ... wielding a +0 whip
              (11 damage)
             ... on level 4 of the Dungeon.
             The game lasted 00:14:16 (4036 turns).

Bartlander the Chopper (Palentonga Abyssal Knight)  Turns: 4036, Time: 00:14:17

Health: -8/50      AC:  6    Str: 21    XL:     6   Next: 8%
Magic:  7/7        EV:  7    Int: 10    God:    Lugonu [****..]
Gold:   203        SH:  0    Dex: 10    Spells: 5/5 levels left

rFire   . . .      SeeInvis +   a - +2 hand axe
rCold   . . .      Faith    .   (no shield)
rNeg    . . .      Spirit   .   g - +0 scale mail
rPois   .          Reflect  .   (no helmet)
rElec   .          Harm     .   (no cloak)
rCorr   .          Rampage  .   (no gloves)
Will    .....                   (no barding)
Stlth   ..........              (no amulet)
HPRegen 0.16/turn               (no ring)
MPRegen 0.10/turn               (no ring)

@: weakened
A: large, rugged brown scales 3, see invisible, deformed body, roll 1, armoured
tail
a: Rolling Charge, Renounce Religion, Depart the Abyss, Bend Space, Banish,
Corrupt


You were on level 4 of the Dungeon.
You worshipped Lugonu.
Lugonu was greatly pleased with you.
You visited 1 branch of the dungeon, and saw 4 of its levels.
You visited the Abyss 1 time.

You collected 203 gold pieces.

Inventory:

Hand Weapons
 a - a +2 hand axe (weapon)
 f - a +2 vorpal flail
Missiles
 i - a throwing net (quivered)
Armour
 g - a +0 scale mail (worn)
 m - a +0 chain mail
Wands
 o - a wand of digging (2)
Scrolls
 c - a scroll of enchant weapon
 j - a scroll of poison {unknown}
 q - 2 scrolls of teleportation
Potions
 b - a potion of might {unknown}
 e - a potion of lignification
 h - 2 potions of haste
 n - a potion of resistance {unknown}


   Skills:
 - Level 3.0 Fighting
 + Level 6.4 Axes
 - Level 1.5 Armour
 - Level 0.7 Dodging
 - Level 2.0 Invocations


You had 5 spell levels left.
You didn't know any spells.
Your spell library contained the following spells:

 Spells                   Type           Power      Damage    Failure   Level
 Necrotise                Necr           0%         1d4       71%         1
 Shock                    Conj/Air       0%         1d3       71%         1
 Slow                     Hex            0%         N/A       71%         1
 Static Discharge         Conj/Air       0%         3-3/arc   85%         2
 Confusing Touch          Hex            0%         N/A       97%         3
 Swiftness                Air            0%         N/A       97%         3
 Vampiric Draining        Necr           0%         2d6       97%         3
 Airstrike                Air            0%         2d(0-16)  100%        4
 Dispel Undead            Necr           0%         3d6       100%        4
 Petrify                  Tmut/Erth      0%         N/A       100%        4
 Sticky Flame             Conj/Fire      0%         2d3       100%        4
 Agony                    Necr           0%         N/A       100%        5
 Metabolic Englaciation   Hex/Ice        0%         N/A       100%        5
 Statue Form              Tmut/Erth      0%         N/A       100%        6


Dungeon Overview and Level Annotations

Branches:
Dungeon (4/15)
 Temple: D:4-7

Altars:
Vehumet


Innate Abilities, Weirdness & Mutations

You are completely covered in rugged brown scales. (AC +3, +7% HP)
You have supernaturally acute eyesight. (SInv)
Armour fits poorly on your strangely shaped body.
You can roll at nearby foes to attack.
You have a long armoured tail.


Message History

The gnoll is heavily wounded.
You hit the gnoll. You hit the gnoll bouda.
The gnoll hits you but does no damage. The gnoll bouda barely misses you.
The gnoll hits you with a +0 flail!
* * * LOW HITPOINT WARNING * * *
You hit the gnoll.
Your tail-slap misses the gnoll.
The gnoll is almost dead.
You barely miss the gnoll. You closely miss the gnoll bouda.
The gnoll closely misses you.
The gnoll bouda hits you with a +0 whip!
* * * LOW HITPOINT WARNING * * *
The gnoll hits you with a +0 flail.
* * * LOW HITPOINT WARNING * * *
You feel much better. The gnoll hits you with a +0 club.
The gnoll bouda gazes fiercely through you!
You feel as though you will be weak longer.
The gnoll bouda barely misses you. The gnoll hits you with a +0 flail.
You hit the gnoll.
You kill the gnoll!
Lugonu accepts your kill.
You hit the gnoll but do no damage.
You hit the gnoll bouda but do no damage.
The gnoll bouda barely misses you. The gnoll closely misses you.
You hit the gnoll.
The gnoll is almost dead.
You hit the gnoll bouda but do no damage.
The gnoll bouda hits you with a +0 whip!
* * * LOW HITPOINT WARNING * * *
The gnoll barely misses you.
You closely miss the gnoll.
The gnoll is almost dead.
You hit the gnoll bouda but do no damage.
The gnoll bouda hits you but does no damage.
The gnoll hits you with a +0 flail.
* * * LOW HITPOINT WARNING * * *
You barely miss the gnoll.
The gnoll is almost dead.
You barely miss the gnoll bouda.
The gnoll bouda hits you with a +0 whip!
You die...

(. ##.... g. ..... .. ?.?...#...
... .....###..### ...$
.......#....###
...##..............# .
...#...............##....
...#.#.[.......g†..#..... .. ...
......#........)@.....# ..##...
#.........##...g......# #......
##..#....###)..).##..## ##.....#
.#..#....#.).....##...# ......#
.)..).................#####......
...#.##.).............#.#...)....
...####g.$...................)##.
##......#...................#.#..
#..<....#..................##))..


You could see a gnoll bouda and a gnoll (swift).

Vanquished Creatures
  An orc priest (D:4)
  Robin (D:3)
  11 gnolls (D:4)
  6 adders
  A worm (D:2)
  3 orcs
  A bat (D:2)
  5 endoplasms
  4 giant cockroaches
  20 goblins
  8 hobgoblins
  4 quokkas
  8 ball pythons
  5 kobolds
  8 rats
86 creatures vanquished.

Notes
Turn   | Place    | Note
-------+----------+-------------------------------------------
     0 | Abyss:1  | Bartlander the Palentonga Abyssal Knight began the quest
                  | for the Orb.
     0 | Abyss:1  | Reached XP level 1. HP: 19/19 MP: 2/2
     1 | D:1      | Escaped the Abyss
   187 | D:1      | Reached XP level 2. HP: 16/25 MP: 3/3
   386 | D:1      | Reached skill level 3 in Axes
   924 | D:1      | Reached *** piety under Lugonu
  1151 | D:2      | Reached XP level 3. HP: 31/31 MP: 4/4
  1155 | D:2      | Found a faded altar of an unknown god.
  1640 | D:2      | Reached skill level 4 in Axes
  2029 | D:3      | Reached XP level 4. HP: 37/37 MP: 5/5
  2029 | D:3      | Noticed Robin
  2038 | D:3      | Killed Robin
  2080 | D:3      | Noticed a phantom
  2667 | D:3      | Found a radiant altar of Vehumet.
  2711 | D:3      | Reached **** piety under Lugonu
  2869 | D:3      | Reached skill level 5 in Axes
  3235 | D:4      | Reached XP level 5. HP: 38/43 MP: 6/6
  3550 | D:4      | Reached skill level 6 in Axes
  3679 | D:4      | Reached XP level 6. HP: 9/50 MP: 7/7
  4036 | D:4      | Mangled by a gnoll bouda

Illustrated notes

Levels and vault maps discovered:
D:1:      dreamdust_arrival_sigmund_warning, layout_basic
D:2:      layout_loops_corners, chequers_ecumenical_altar_island,
          chequers_arboretum
D:3:      layout_loops_ring, mainiacjoe_overflow_alcove_4, uniq_robin
D:4:      layout_cave_pools, serial_shops, kennysheep_mini,
          kennysheep_generic_room_9

Skill      XL: |  1  2  3  4  5 |
---------------+----------------+-----
Axes           | 3 4 5 6 |  6.4
Fighting       | |  3.0
Armour         | |  1.5
Dodging        | |  0.7
Invocations    | |  2.0

Action                   |  1- 3 |  4- 6 || total
-------------------------+-------+-------++-------
Melee: Hand axe          |    78 |   134 ||   212
       Tailslap          |     6 |    16 ||    22
Throw: Dart              |       |     2 ||     2
 Abil: Rolling Charge    |    27 |    14 ||    41
  Use: Scroll            |     4 |     7 ||    11
       Potion            |       |     2 ||     2
Armor: Leather armour    |    21 |       ||    21
       Scale mail        |     1 |    41 ||    42
Dodge: Dodged            |    24 |    48 ||    72
